 Dungeon Crawl Stone Soup version 0.24.0-10-g970556be89 (webtiles) character file.

Game seed: 13103844440547381254, levelgen mode: deterministic

18 DavidChitty2 the Poker (level 2, -6/26 HPs)
             Began as a Gnoll Wanderer on Nov 3, 2019.
             Mangled by a bullfrog (8 damage)
             ... on level 4 of the Dungeon.
             The game lasted 00:01:33 (1230 turns).

DavidChitty2 the Poker (Gnoll Wanderer)             Turns: 1230, Time: 00:01:33

Health: -6/26      AC:  4    Str: 12    XL:     2   Next: 66%
Magic:  11/11      EV: 10    Int: 16    God:
Gold:   100        SH:  7    Dex: 17    Spells: 2/2 levels left

rFire    . . .     SeeInvis .   a - +2 dagger
rCold    . . .     Gourm    .   h - +0 shield
rNeg     . . .     Faith    .   p - +0 leather armour
rPois    .         Spirit   .   m - +0 helmet
rElec    .         Reflect  .   (no cloak)
rCorr    .         Harm     .   (no gloves)
MR       .....                  (no boots)
Stlth    ++........             (no amulet)
HPRegen  0.08/turn              g - ring of magical power
MPRegen  0.12/turn              i - +3 ring of dexterity

@: no status effects
A: distributed training, fangs 1, strong nose
a: no special abilities


You were on level 4 of the Dungeon.
You were not hungry.

You visited 1 branch of the dungeon, and saw 3 of its levels.

You collected 100 gold pieces.

Inventory:

Hand Weapons
 a - a +2 dagger (weapon)
 c - a +0 falchion
Armour
 h - a +0 shield (worn)
   (You found it on level 1 of the Dungeon)
 m - a +0 helmet (worn)
   (You found it on level 2 of the Dungeon)
 p - a +0 leather armour (worn)
   (You found it on level 2 of the Dungeon)
Jewellery
 g - a ring of magical power (left hand)
   (You found it on level 1 of the Dungeon)
 i - a +3 ring of dexterity (right hand)
   (You found it on level 1 of the Dungeon)
Scrolls
 f - a scroll of fear {unknown}
 j - 3 scrolls of identify {unknown}
 l - a scroll of teleportation {unknown}
 o - a scroll of amnesia {unknown}
Potions
 b - a potion of haste {@q3}
 d - a potion of curing {@q1}
 k - a potion of degeneration {unknown}
Comestibles
 e - 5 rations {!d}
 n - a chunk of flesh


   Skills:
 + Level 4.5 Fighting
 + Level 0.5 Short Blades
 + Level 0.5 Long Blades
 + Level 0.5 Axes
 + Level 0.5 Maces & Flails
 + Level 4.5 Polearms
 + Level 0.5 Staves
 + Level 0.5 Slings
 + Level 0.5 Bows
 + Level 0.5 Crossbows
 + Level 2.5 Throwing
 + Level 0.5 Armour
 + Level 2.5 Dodging
 + Level 2.3 Stealth
 + Level 0.5 Shields
 + Level 0.5 Unarmed Combat
 + Level 0.5 Spellcasting
 + Level 0.3 Conjurations
 + Level 0.3 Hexes
 + Level 0.3 Charms
 + Level 0.3 Summonings
 + Level 3.7 Necromancy
 + Level 0.3 Translocations
 + Level 0.3 Transmutations
 + Level 0.3 Fire Magic
 + Level 0.3 Ice Magic
 + Level 0.3 Air Magic
 + Level 2.0 Earth Magic
 + Level 0.3 Poison Magic
 + Level 0.6 Invocations
 + Level 0.5 Evocations


You had 2 spell levels left.
You didn't know any spells.
Your spell library was empty.

Dungeon Overview and Level Annotations

Branches:
Dungeon (2/15)

Altars:
Xom

Annotations:
D:4 1 runed translucent door, Crazy Yiuf


Innate Abilities, Weirdness & Mutations

Your experience applies equally to all skills.
You have very sharp teeth.
Your uncanny sense of smell can sniff out nearby items.


Message History

Found a stone staircase leading down.
You fall into a shaft and drop 2 floors!
The shaft crumbles and collapses.
You hear the sound of rushing water.
There is an entrance to a sewer on this level.
Hurry and find it before the portal rusts away!
Found a mace.
Here: Crazy Yiuf, wielding a +4 quarterstaff of chaos and wearing a +0 cloak (resting, fire blocked by a runed translucent door)
The floor.
Found a dagger.
An adder comes into view.
Found a ration.
A howler monkey comes into view.
A bullfrog comes into view.
You see here a ration {!d}.
e - 5 rations {!d} (gained 1)
A scorpion comes into view.
The bullfrog croaks.
You hear a shout! x2
The adder bites you but does no damage. The adder misses you.
The bullfrog hits you but does no damage.
The bullfrog hits you!
You hit the bullfrog. The bullfrog barely misses you.
You block the adder's attack. The bullfrog hits you.
You hit the bullfrog. The adder bites you. You block the bullfrog's attack.
You block the adder's attack.
You closely miss the bullfrog. You block the bullfrog's attack.
The adder completely misses you. You block the bullfrog's attack.
You closely miss the bullfrog. You block the adder's attack.
The bullfrog hits you.
* * * LOW HITPOINT WARNING * * *
You hit the bullfrog. The bullfrog barely misses you.
You block the adder's attack. You block the bullfrog's attack.
The adder completely misses you.
You closely miss the bullfrog. You block the bullfrog's attack.
You block the adder's attack. The bullfrog hits you!
* * * LOW HITPOINT WARNING * * *
Your shield prevents you from hitting the bullfrog.
Your bite misses the bullfrog. The adder barely misses you.
You block the bullfrog's attack.
Your shield and leather armour prevent you from hitting the bullfrog.
The adder barely misses you. The bullfrog barely misses you.
You block the adder's attack. You block the bullfrog's attack.
Unknown command.
You barely miss the bullfrog. The bullfrog closely misses you.
You block the adder's attack.
You hit the bullfrog. The bullfrog closely misses you.
The adder bites you but does no damage. The scorpion stings you.
* * * LOW HITPOINT WARNING * * *
The bullfrog hits you!
You die...

### g)# ..# ∆ ..
######### +#
#....#... ♣♣.
#......#. ♣.♣
#@s..#... ♣♣.♣
#FS...... ♣.♣♣
#......## ♣♣.♣♣
#......# ♣...♣♣
#......# ♣....♣
#....#... #....#
#....###.
.###....####....#
#.......##.....##


You could see a bullfrog, a scorpion and an adder.

Vanquished Creatures
  An ooze (D:1)
  A dart slug (D:2)
  A goblin (D:1)
  2 hobgoblins (D:1)
  A kobold (D:1)
  A ball python (D:1)
  3 bats
  2 rats (D:2)
  A butterfly (D:2)
13 creatures vanquished.

Notes
Turn   | Place    | Note
-------+----------+-------------------------------------------
     0 | D:1      | DavidChitty2 the Gnoll Wanderer began the quest for the
                  | Orb.
     0 | D:1      | DavidChitty2 set off with the following items: a +2 dagger,
                  | a potion of haste {@q3}, a +0 falchion, a potion of curing
                  | {@q1}, a ration {!d}, a +0 robe
     0 | D:1      | Reached XP level 1. HP: 20/20 MP: 1/1
   179 | D:1      | Reached XP level 2. HP: 26/26 MP: 2/2
  1159 | D:2      | Found a shimmering altar of Xom.
  1191 | D:2      | You fall into a shaft and drop 2 floors!
  1191 | D:4      | Found a runed translucent door.
  1192 | D:4      | Noticed Crazy Yiuf
  1202 | D:4      | Noticed a howler monkey
  1212 | D:4      | Noticed a bullfrog
  1215 | D:4      | Noticed a scorpion
  1230 | D:4      | Mangled by a bullfrog

Levels and vault maps discovered:
D:1:      matt_arrival_diagonals, layout_basic
D:2:      layout_loops_corners, xom_butterflies
D:4:      layout_rooms, portal_sewer_entry_b, first_ration, fedhas_altar_2,
          uniq_pikel, uniq_duvessa, uniq_robin, uniq_crazy_yiuf_cottage,
          uniq_menkaure

Skill      XL: |  1 |
---------------+----+-----
Earth Magic    | 2 |  2.0
Fighting       | |  4.5
Short Blades   | |  0.5
Long Blades    | |  0.5
Axes           | |  0.5
Maces & Flails | |  0.5
Polearms       | |  4.5
Staves         | |  0.5
Slings         | |  0.5
Bows           | |  0.5
Crossbows      | |  0.5
Throwing       | |  2.5
Armour         | |  0.5
Dodging        | |  2.5
Stealth        | |  2.3
Shields        | |  0.5
Unarmed Combat | |  0.5
Spellcasting   | |  0.5
Conjurations   | |  0.3
Hexes          | |  0.3
Charms         | |  0.3
Summonings     | |  0.3
Necromancy     | |  3.7
Translocations | |  0.3
Transmutations | |  0.3
Fire Magic     | |  0.3
Ice Magic      | |  0.3
Air Magic      | |  0.3
Poison Magic   | |  0.3
Invocations    | |  0.6
Evocations     | |  0.5

Action                   || total
-------------------------++-------
Melee: Dagger            ||    56
       Bite              ||     4
  Eat: Chunk             ||     1
Armor: Robe              ||    24
       Leather armour    ||     4
Dodge: Dodged            ||    51
Block: Shield            ||    22
